 Dungeon Crawl Stone Soup version 0.32-a0-933-ga8fa3634e4 (webtiles) character file.

Game seed: 2917605746801249032

168695 jasper the Brawler (level 17, -11/147 (152) HPs)
             Began as a Demonspawn Fighter on Apr 14, 2024.
             Was a High Priest of Wu Jian.
             Mangled by a wolf spider (16 damage)
             ... on level 2 of the Spider Nest.
             The game lasted 01:09:51 (26644 turns).

jasper the Brawler (Demonspawn Fighter)            Turns: 26644, Time: 01:09:51

HP:   -11/147 (152) AC:  6    Str: 30      XL:     17   Next: 34%
MP:   17/17         EV: 28    Int:  7      God:    Wu Jian [*****.]
Gold: 2794          SH: 18    Dex: 14 (15) Spells: 16/16 levels left

rFire   . .          .
                       - Unarmed
rCold   + . .        y - +1 kite shield
rNeg    . . .        X - +0 swamp dragon scales
rPois   +            N - +2 helmet
rElec   .            a - +0 cloak of Leaves {Dex+3 Slay+3}
rCorr   .            (gloves unavailable)
SInv    +            T - +1 pair of boots of the New World {rC+ Int+2}
Will    ++...        w - amulet of regeneration Stlth
                     o - ring of willpower
HPRegen 1.24/turn    h - ring of a Thousand Gods {+Blink Str+7 Int-4 Slay+4 Stlth-}
MPRegen 0.15/turn

%: no passive effects
@: spiked, corroded, in a heavenly storm, glowing, studying Evocations, lightly
drained
A: claws 3, icemail 1, spiny 2, condensation shield, see invisible, clumsy 1,
robust 1
a: Renounce Religion, Evoke Blink, Wall Jump, Serpent's Lash, Heavenly Storm


You were on level 2 of the Spider Nest.
You worshipped Wu Jian.
Wu Jian was extremely pleased with you.
You visited 6 branches of the dungeon, and saw 29 of its levels.
You visited 1 bazaar.
You also visited: Trove, Bailey and Gauntlet.

You collected 3729 gold pieces.
You spent 935 gold pieces at shops.

Inventory:

Missiles
 j - 26 javelins
 v - 11 curare-tipped darts
 x - 10 silver javelins
 J - 9 throwing nets
 Q - 78 boomerangs (quivered)
Armour
 a - the +0 cloak of Leaves (worn) {Dex+3 Slay+3}
   (You found it in a Gauntlet)

   Dex+3:     It affects your dexterity (+3).
   Slay+3:    It affects your accuracy & damage with ranged weapons and melee
   (+3).
 i - +0 acid dragon scales
 p - +1 gold dragon scales
 y - a +1 kite shield (worn)
 N - a +2 helmet (worn)
 T - the +1 pair of boots of the New World (worn) {rC+ Int+2}
   (You bought it in a shop in a bazaar)

   Int+2:     It affects your intelligence (+2).
   rC+:       It protects you from cold.
 X - +0 swamp dragon scales (worn)
Jewellery
 g - the ring of Recaq {+Blink EV+5}
   (You found it on level 5 of the Dungeon)

   [ring of evasion]

   EV+5:      It affects your evasion (+5).
   +Blink:    It lets you blink.
 h - the ring of a Thousand Gods (right claw) {+Blink Str+7 Int-4 Slay+4 Stlth-}
   (You found it on level 12 of the Dungeon)

   [ring of slaying]

   Str+7:     It affects your strength (+7).
   Int-4:     It affects your intelligence (-4).
   Slay+4:    It affects your accuracy & damage with ranged weapons and melee
   (+4).
   +Blink:    It lets you blink.
   Stlth-:    It makes you less stealthy.
 o - a ring of willpower (left claw)
 w - an amulet of regeneration (around neck)
 W - a ring of positive energy
Talismans
 t - a maw talisman
Wands
 d - a wand of digging (22)
 m - a wand of charming (41)
 z - a wand of mindburst (11)
 C - a wand of light (18)
 D - a wand of roots (65)
 F - a wand of flame (87)
 Z - a wand of polymorph (36)
Scrolls
 k - 3 scrolls of poison
 l - 2 scrolls of butterflies
 n - 11 scrolls of teleportation
 q - 2 scrolls of enchant armour
 E - 4 scrolls of vulnerability
 G - 6 scrolls of immolation
 I - 3 scrolls of noise
 K - 2 scrolls of amnesia
 P - 2 scrolls of blinking
 V - 6 scrolls of identify
 Y - 2 scrolls of revelation
Potions
 c - 3 potions of haste
 f - a potion of might
 r - 4 potions of magic
 s - 4 potions of attraction
 u - 4 potions of mutation
 A - 10 potions of curing
 B - 3 potions of brilliance
 H - a potion of invisibility
 L - 5 potions of cancellation
 O - 7 potions of lignification
 R - 3 potions of enlightenment
Miscellaneous
 b - a phial of floods (inert)
 e - a phantom mirror
 M - a lightning rod (2/4)
 S - a sack of spiders (inert)


   Skills:
 - Level 14.0 Fighting
 - Level 2.5(2.6) Axes
 - Level 1.0(1.9) Polearms
 - Level 6.0 Throwing
 - Level 2.6 Armour
 - Level 10.0 Dodging
 + Level 15.6 Shields
 - Level 17.6 Unarmed Combat
 - Level 7.0 Evocations


You had 16 spell levels left.
You didn't know any spells.
Your spell library contained the following spells:

 Spells                   Type           Power      Damage    Failure   Level
 Necrotise                Necr           0%         1d4       65%         1
 Sandblast                Erth           0%         2d4       65%         1
 Call Canine Familiar     Summ           0%         N/A       95%         3
 Sigil of Binding         Hex            0%         N/A       95%         3
 Stone Arrow              Conj/Erth      0%         3d7       95%         3
 Tukima's Dance           Hex            0%         N/A       95%         3
 Vampiric Draining        Necr           0%         2d6       95%         3
 Animate Armour           Summ/Erth      0%         N/A       100%        4
 Brom's Barrelling Bould  Conj/Erth      0%         2d3       100%        4
 Dimensional Bullseye     Hex/Tloc       0%         N/A       100%        4
 Iskenderun's Mystic Bla Conj/Tloc 0%             2d3        (+2d1     100%        4
 Martyr's Knell           Necr/Summ      0%         N/A       100%        4
 Summon Blazeheart Golem  Fire/Summ      0%         N/A       100%        4
 Summon Lightning Spire   Summ/Air       0%         N/A       100%        4
 Curse of Agony           Necr           0%         N/A       100%        5
 Lee's Rapid Deconstruct  Erth           0%         3d4*      100%        5
 Dispersal                Tloc           0%         N/A       100%        6
 Gell's Gavotte           Tloc           0%         2d(11-16) 100%        6
 Manifold Assault         Tloc           0%         N/A       100%        7
 Orb of Destruction       Conj           0%         9d5       100%        7
 Spellforged Servitor     Conj/Summ      0%         N/A       100%        7
 Disjunction              Tloc           0%         N/A       100%        8
 Chain Lightning          Conj/Air       0%         N/A       100%        9
 Fire Storm               Conj/Fire      0%         5d1       100%        9
 Shatter                  Erth           0%         3d5*      100%        9


Dungeon Overview and Level Annotations

Branches:
Dungeon (15/15)            Temple (1/1) D:5            Lair (5/5) D:10
  Swamp (4/4) Lair:2       Spider (2/4) Lair:3        Slime (0/5) Lair:5
    Orc (2/2) D:12            Elf (0/3) Orc:2        Vaults (0/5) D:14
 Depths (0/4) D:15         Bailey (visited)         Gauntlet (visited)

Altars:
Ashenzari
Cheibriados
Dithmenos
Fedhas
Gozag
Hepliaklqana
Kikubaaqudgha
Makhleb
Nemelex Xobeh
Okawaru
Qazlal
Ru
Sif Muna
Trog
Uskayaw
Vehumet
Wu Jian
Xom
Yredelemnul
Beogh

Shops:
Orc:2 *==?

Portals:
Ice
Cave: Spider:2

Annotations:
D:5 2 transporters, BassonBusker's ghost, novice GnWn
Swamp:4 Mlioglotl


Innate Abilities, Weirdness & Mutations

You have claws for hands.
A meltable icy envelope protects you from harm. (AC +4)
You are mostly covered in sharp spines.
A meltable shield of frost defends you. (SH +4)
You have supernaturally acute eyesight. (SInv)
You are clumsy. (Dex -2)
You are robust. (+10% HP)


Message History

You kill the entropy weaver!
The Council accepts your kill.
You spin and attack the tarantella.
You claw the tarantella!
The tarantella is heavily wounded.
You block the wolf spider's attack. x2; You block the tarantella's attack.
The redback is struck by your spines. The redback completely misses you.
The redback bites you!
* * * LOW HITPOINT WARNING * * *
The tarantella is struck by your spines.
The tarantella completely misses you. The wolf spider closely misses you.
The wolf spider bites you.
* * * LOW HITPOINT WARNING * * *
The demonic crawler completely misses you. x3
The pharaoh ant moves out of view.
You feel your strength returning.
You take 21 damage, and have 32/147 hp.
Okay, then.
You reach into the sack... ...and things crawl out!
The steelbarb worm simulacrum is caught in a web!
The tarantella simulacrum is caught in a web! x2
The sack is emptied!
You block the tarantella's attack. You block the wolf spider's attack.
The wolf spider bites you.
* * * LOW HITPOINT WARNING * * *
You block the redback's attack. Something misses your culicivora.
The redback is struck by your spines. The redback closely misses you.
The wolf spider hits your culicivora! The wolf spider misses your culicivora.
The demonic crawler barely misses you. The demonic crawler misses you.
The demonic crawler hits you!
* * * LOW HITPOINT WARNING * * *
You take 15 damage, and have 17/147 hp.
You feel better.
The culicivora is struck by your spines.
The culicivora bites you!!
* * * LOW HITPOINT WARNING * * *
The culicivora draws strength from your injuries!
The wolf spider barely misses your culicivora.
The wolf spider bites your culicivora! Something touches your culicivora!
The redback completely misses you.
The jumping spider leaps!
The wolf spider hits you!
You die...

...#.∩.#..........~
....#.#........#..
.....#..○........###
...(^..○°....#.#.^≈#
........○°.....§..~##
.....§#.BZZ..Z.☼..≈≈#
##.○ss§Z.○.○.☼.~~≈≈
#..§BssZ○Zs....~~≈≈
.....ss@ss☼○Z..°.#≈##
...#.☼○sss#....###
#....§☼ss§[..<.#
....#.........##
..#...#.s....## .
^[....s..###
##....?...[#
#....B....# ##.......
#


You could see an entropy weaver, a demonic crawler (ally target), 2 wolf
spiders, 2 culicivoras, a jumping spider (soul bound), a tarantella (ally
target), 3 redbacks, 2 tarantella simulacra, a friendly culicivora (summoned), a
friendly redback (summoned) and a friendly scorpion (summoned).

Vanquished Creatures
  Mara (Swamp:3)
  Nikola (Swamp:2)
  Frances (D:14)
  A thorn hunter (Swamp:2)
  Kirke (Lair:3)
  Gastronok (D:8)
  A fenstrider witch (Swamp:3)
  Louise (D:15)
  A ghost moth (Spider:1)
  A stone giant (D:15)
  The ghost of Sodae the Markself, a journeyman DEHu of Cheibriados (D:12)
  5 bunyips
  3 eleionomae
  A minotaur (Gauntlet)
  Azrael (D:12)
  Snorg (D:10)
  Josephine (D:15)
  2 fire dragons
  An entropy weaver (Spider:2)
  3 catoblepae (Lair:5)
  4 vault guards (D:14)
  A death knight (D:14)
  11 hydras
  A radroach (Spider:1)
  11 alligators
  Erolcha (D:10)
  5 boulder beetles
  8 centaur warriors
  6 two-headed ogres
  2 tengu warriors (D:15)
  A death scarab (Spider:1)
  2 demonic crawlers (Spider:1)
  A hell hog (Lair:5)
  2 skysharks (Lair:4)
  2 deep elf knights (D:11)
  3 pharaoh ants
  9 skeletal warriors (D:13)
  A deep elf archer (D:11)
  6 goliath frogs
  A bog body (Swamp:2)
  2 spriggan druids (Swamp:2)
  An orb spider (Spider:1)
  2 arcanists (D:14)
  A swamp dragon (Lair:5)
  Pikel (D:5)
  6 steelbarb worms
  4 orc knights
  A deep elf pyromancer (D:14)
  A manticore (D:13)
  8 ugly things
  5 wolf spiders (Spider:1)
  An orc sorcerer (Orc:2)
  2 will-o-the-wisps
  7 cyclopes
  3 moths of wrath (Spider:1)
  3 meliai (D:14)
  5 slime creatures
  5 kobold blastminers (Orc:2)
  17 elephants
  5 black mambas
  2 torpor snails
  A minotaur zombie (Gauntlet)
  2 gargoyles (D:14)
  15 cane toads
  2 unseen horrors (D:12)
  8 komodo dragons
  4 rime drakes
  2 efreet
  4 kobold demonologists
  A queen bee (D:14)
  2 trolls
  12 polar bears
  3 red devils (Orc:1)
  11 tarantellas
  2 bloated husks
  Grinder (D:4)
  8 jumping spiders
  5 tyrant leeches
  10 hornets
  26 blink frogs
  6 dream sheep (Lair:4)
  A raiju (Lair:5)
  7 spriggans
  A culicivora (Spider:1)
  Sigmund (D:4)
  3 centaur simulacra (Gauntlet)
  4 wyverns
  A shadow (D:9)
  3 fire elementals
  34 yaks
  5 hogs (Lair:3)
  9 wargs
  7 wraiths
  A human (D:14)
  2 steam dragons
  5 basilisks
  2 fire bats (Orc:1)
  7 vampire mosquitoes
  A hydra simulacrum (Gauntlet)
  18 redbacks
  10 acid dragons
  18 hell hounds
  14 swamp worms
  14 water moccasins
  49 orc warriors
  5 swamp drakes
  2 ice beasts
  2 laughing skulls (D:13)
  3 ogres
  14 black bears
  13 wolves (Lair:5)
  27 centaurs
  3 lemures (D:5)
  A phantom (D:5)
  Blork the orc (D:5)
  11 kobold brigands
  12 bullfrogs
  4 scorpions (D:6)
  7 wights (D:8)
  17 killer bees
  3 howler monkeys (D:14)
  A gnoll bouda (D:6)
  4 hounds
  19 jellies
  A bombardier beetle (D:4)
  17 orc priests
  A sleepcap (D:5)
  5 iguanas
  14 orc wizards
  6 hell rats (Lair:5)
  15 gnolls
  6 adders
  A shadow imp (D:6)
  A white imp (D:5)
  2 ribbon worms
  59 orcs
  4 ball pythons
  3 bats
  8 endoplasms
  5 giant cockroaches
  18 goblins
  9 hobgoblins
  4 quokkas
  4 frilled lizards
  27 kobolds
  5 rats
895 creatures vanquished.

Vanquished Creatures (collateral kills)
  Rupert (D:14)
  An eleionoma (Swamp:3)
  A skyshark (Lair:2)
  A manticore (D:15)
  A komodo dragon (Lair:2)
  A troll (D:10)
  4 slime creatures (D:15)
  A wraith (D:11)
  A yak (Lair:2)
  A basilisk (D:11)
  2 orc warriors (D:11)
  A gnoll sergeant (D:10)
  2 gnolls (D:10)
  An orc (Bailey)
  2 kobolds (Bailey)
21 creatures vanquished.

Vanquished Creatures (others)
  2 alligators (Swamp:2)
  An orc (D:8)
  15 foxfires
18 creatures vanquished.

Grand Total: 934 creatures vanquished

Notes
Turn   | Place    | Note
-------+----------+-------------------------------------------
     0 | D:1      | jasper the Demonspawn Fighter began the quest for the Orb.
     0 | D:1      | Reached XP level 1. HP: 18/18 MP: 1/1
   218 | D:1      | Gained mutation: You have sharp fingernails. [demonic
                  | ancestry]
   218 | D:1      | Reached XP level 2. HP: 22/24 MP: 2/2
   580 | D:1      | Reached skill level 1 in Unarmed Combat
  1129 | D:2      | Gained mutation: You are partially covered in sharp spines.
                  | [demonic ancestry]
  1129 | D:2      | Reached XP level 3. HP: 25/29 MP: 3/3
  1131 | D:2      | Reached skill level 2 in Unarmed Combat
  1956 | D:2      | Reached XP level 4. HP: 11/35 MP: 4/4
  2090 | D:3      | Identified the +0 scale mail of the Trees {rElec rC- Will+
                  | rCorr}
  2506 | D:3      | Reached skill level 1 in Dodging
  2506 | D:3      | Gained mutation: You are mostly covered in sharp spines.
                  | [demonic ancestry]
  2506 | D:3      | Reached XP level 5. HP: 41/41 MP: 5/5
  2520 | D:3      | Reached skill level 3 in Unarmed Combat
  3058 | D:4      | Noticed Grinder
  3071 | D:4      | Killed Grinder
  3072 | D:4      | Reached skill level 4 in Unarmed Combat
  3072 | D:4      | Gained mutation: A meltable shield of frost defends you.
                  | (SH +4) [demonic ancestry]
  3072 | D:4      | Reached XP level 6. HP: 48/48 MP: 6/6
  3238 | D:4      | Noticed a two-headed ogre
  3250 | D:4      | Killed a two-headed ogre
  3251 | D:4      | Reached skill level 5 in Unarmed Combat
  3251 | D:4      | Gained mutation: A meltable icy envelope protects you from
                  | harm. (AC +4) [demonic ancestry]
  3251 | D:4      | Reached XP level 7. HP: 39/55 MP: 7/7
  3251 | D:4      | Reached XP level 8. HP: 44/61 MP: 8/8
  3300 | D:4      | Found a burning altar of Makhleb.
  3363 | D:4      | Found a sparkling altar of Nemelex Xobeh.
  3429 | D:4      | Noticed Sigmund
  3441 | D:4      | Killed Sigmund
  3442 | D:4      | Reached skill level 5 in Fighting
  3645 | D:4      | Found an ornate altar of the Wu Jian Council.
  3914 | D:5      | Entered Level 5 of the Dungeon
  3951 | D:5      | Reached skill level 6 in Unarmed Combat
  3975 | D:5      | Identified the ring of Recaq {+Blink EV+5}
  3985 | D:5      | Noticed BassonBusker's ghost (novice GnWn)
  3995 | D:5      | Found a transporter.
  4028 | D:5      | Found a staircase to the Ecumenical Temple.
  4059 | Temple   | Entered the Ecumenical Temple
  4183 | D:4      | Became a worshipper of the Wu Jian Council
  4414 | D:5      | Noticed Blork the orc
  4424 | D:5      | Killed Blork the orc
  4425 | D:5      | Reached skill level 5 in Shields
  4459 | D:5      | Found a transporter.
  4657 | D:5      | Noticed Pikel
  4686 | D:5      | Killed Pikel
  4687 | D:5      | Reached skill level 7 in Unarmed Combat
  4687 | D:5      | Reached XP level 9. HP: 28/69 MP: 9/9
  4966 | D:6      | Reached skill level 1 in Evocations
  5062 | D:7      | Reached * piety under Wu Jian
  5182 | D:7      | Reached skill level 5 in Evocations
  5465 | D:7      | Found a sacrificial altar of Ru.
  5548 | D:7      | You fall into a shaft and drop 1 floor!
  5989 | D:6      | Reached XP level 10. HP: 76/76 MP: 10/10
  6719 | D:8      | Reached skill level 5 in Dodging
  6774 | D:8      | Identified the +2 falchion of Disintegration {flame, rC+}
  6892 | D:8      | Reached ** piety under Wu Jian
  7027 | D:8      | Noticed Gastronok
  7068 | D:8      | Killed Gastronok
  7069 | D:8      | Reached skill level 8 in Unarmed Combat
  7664 | D:9      | Found a flagged portal.
  7684 | Bailey   | Entered a bailey
  7832 | Bailey   | Reached *** piety under Wu Jian
  7833 | Bailey   | Reached skill level 1 in Throwing
  7862 | Bailey   | Identified the +4 short sword "Pacado" {holy, rF+ Will+
                  | Dex+3}
  8196 | D:9      | Identified the +7 rapier "Kepixk Lefu" {freeze, ^Drain rF++
                  | Stlth+}
  8311 | D:9      | Noticed a two-headed ogre
  8326 | D:9      | Killed a two-headed ogre
  8327 | D:9      | Reached XP level 11. HP: 84/84 MP: 11/11
  8570 | D:9      | Reached skill level 5 in Throwing
  8773 | D:10     | Entered Level 10 of the Dungeon
  8851 | D:10     | Noticed a two-headed ogre
  8866 | D:10     | Killed a two-headed ogre
  8951 | D:10     | Noticed Erolcha
  8962 | D:10     | Reached skill level 9 in Unarmed Combat
  8962 | D:10     | Reached **** piety under Wu Jian
  9003 | D:10     | Killed Erolcha
  9062 | D:10     | Found a staircase to the Lair.
  9139 | D:10     | Noticed Snorg
  9162 | D:10     | Killed Snorg
  9753 | D:11     | Noticed a two-headed ogre
  9769 | D:11     | Killed a two-headed ogre
  9777 | D:11     | Noticed a deep elf knight
  9788 | D:10     | Reached skill level 10 in Unarmed Combat
  9931 | D:11     | Noticed a deep elf archer
  9938 | D:11     | Killed a deep elf knight
  9946 | D:11     | Reached XP level 12. HP: 92/92 MP: 12/12
 10408 | D:11     | Noticed a centaur warrior
 10443 | D:11     | Killed a centaur warrior
 10611 | D:11     | Identified the +0 plate armour "Sociruc" {rElec}
 10631 | D:11     | Found the +6 shillelagh "Devastator" {shatter}
 10762 | D:11     | Found an iron altar of Okawaru.
 10849 | D:11     | Identified the +4 sling of Baiheatwe {speed, rPois rC+ MP+9
                  | Int-2}
 10850 | D:11     | Identified the +1 battleaxe "Ypritron" {drain, rN+ Will+
                  | Dex-3 SInv}
 10955 | Lair:1   | Entered Level 1 of the Lair of Beasts
 11502 | Lair:1   | Noticed a boulder beetle
 11563 | Lair:1   | Killed a boulder beetle
 11623 | Lair:1   | Reached skill level 10 in Dodging
 11898 | Lair:1   | Reached skill level 1 in Polearms
 11984 | Lair:2   | Found a gate leading to a gauntlet.
 12002 | Lair:2   | Reached ***** piety under Wu Jian
 12003 | Lair:2   | Reached skill level 11 in Unarmed Combat
 12010 | Gauntlet | Entered a Gauntlet
 12010 | Gauntlet | Found a large runed translucent door.
 12010 | Gauntlet | Found a large runed translucent door.
 12010 | Gauntlet | Found a large runed translucent door.
 12010 | Gauntlet | Found a large runed translucent door.
 12010 | Gauntlet | Found a runed translucent door.
 12010 | Gauntlet | Found a large runed translucent door.
 12010 | Gauntlet | Found a large runed translucent door.
 12010 | Gauntlet | Found a transporter.
 12010 | Gauntlet | Found a transporter.
 12010 | Gauntlet | Found a large runed translucent door.
 12010 | Gauntlet | Found a large runed translucent door.
 12010 | Gauntlet | Found a runed translucent gate.
 12010 | Gauntlet | Found a runed translucent gate.
 12010 | Gauntlet | Found a transporter.
 12042 | Gauntlet | Found a transporter.
 12046 | Gauntlet | Found a transporter.
 12058 | Gauntlet | Found a transporter.
 12085 | Gauntlet | Found a transporter.
 12087 | Gauntlet | Found a runed translucent gate.
 12089 | Gauntlet | Found a large runed translucent door.
 12090 | Gauntlet | Found a large runed translucent door.
 12092 | Gauntlet | Found a transporter.
 12134 | Gauntlet | Found a transporter.
 12152 | Gauntlet | Found a transporter.
 12160 | Gauntlet | Found a transporter.
 12177 | Gauntlet | Found a transporter.
 12181 | Gauntlet | Found a large runed translucent door.
 12182 | Gauntlet | Found a large runed translucent door.
 12183 | Gauntlet | Found a large runed translucent door.
 12183 | Gauntlet | Found a large runed translucent door.
 12183 | Gauntlet | Found a large runed translucent door.
 12183 | Gauntlet | Found a large runed translucent door.
 12184 | Gauntlet | Found a runed translucent door.
 12225 | Gauntlet | Gained mutation: You have very sharp fingernails. [demonic
                  | ancestry]
 12225 | Gauntlet | Reached XP level 13. HP: 78/101 MP: 13/13
 12312 | Gauntlet | Identified the +0 cloak of Leaves {Dex+3 Slay+3}
 12341 | Gauntlet | Noticed a minotaur
 12353 | Gauntlet | Killed a minotaur
 12670 | Lair:4   | Reached skill level 12 in Unarmed Combat
 12707 | Lair:5   | Entered Level 5 of the Lair of Beasts
 12739 | Lair:5   | Reached skill level 10 in Fighting
 13044 | Lair:2   | Found a staircase to the Swamp.
 13603 | Lair:3   | Identified the +0 chain mail "Zojy" {Harm Dex+3}
 13672 | Lair:3   | Noticed Kirke
 13682 | Lair:3   | Reached skill level 13 in Unarmed Combat
 13687 | Lair:3   | Noticed a sphinx
 13690 | Lair:3   | Killed Kirke
 13691 | Lair:3   | Reached XP level 14. HP: 109/111 MP: 14/14
 13796 | Lair:3   | Found a hole to the Spider Nest.
 14587 | Lair:4   | Reached skill level 10 in Shields
 15448 | Lair:5   | Found a staircase to the Slime Pits.
 15900 | Lair:5   | Reached skill level 14 in Unarmed Combat
 16008 | Lair:5   | Reached ****** piety under Wu Jian
 16950 | D:12     | Noticed Azrael
 16966 | D:12     | Killed Azrael
 17251 | D:12     | Found a staircase to the Orcish Mines.
 17518 | D:12     | Found a runed translucent gate.
 17520 | D:12     | Found a runed translucent gate.
 17520 | D:12     | Noticed Sodae's ghost (journeyman DEHu)
 17522 | D:12     | Found a runed translucent gate.
 17653 | D:12     | Killed Sodae's ghost
 17683 | D:12     | Identified the ring of a Thousand Gods {+Blink Str+7 Int-4
                  | Slay+4 Stlth-}
 17751 | Orc:1    | Entered Level 1 of the Orcish Mines
 17768 | Orc:1    | Gained mutation: You have claws for hands. [demonic
                  | ancestry]
 17768 | Orc:1    | Reached XP level 15. HP: 96/120 MP: 15/15
 17801 | Orc:2    | Entered Level 2 of the Orcish Mines
 17843 | Orc:2    | Reached skill level 15 in Unarmed Combat
 18218 | Orc:1    | Found a roughly hewn altar of Beogh.
 18541 | Orc:2    | Found a staircase to the Elven Halls.
 18788 | Orc:2    | Found Ruedisaa's Jewellery Shoppe.
 18788 | Orc:2    | Found Tuoclier's Jewellery Boutique.
 18790 | Orc:2    | Found Afeij's Magic Scroll Shop.
 18792 | Orc:2    | Found Mariwn's General Store.
 18833 | Orc:2    | Bought a scroll of fear for 60 gold pieces
 18833 | Orc:2    | Bought a scroll of identify for 30 gold pieces
 19571 | D:13     | Found an iron altar of Okawaru.
 19696 | D:13     | Found a portal to a secret trove of treasure.
 19810 | D:13     | Identified the +1 ring mail of the Evening Star {*Slow
                  | +Blink rPois rCorr}
 20118 | D:14     | Noticed Rupert
 20140 | D:14     | Killed Rupert
 20245 | D:14     | Noticed Frances
 20267 | D:14     | Killed Frances
 20273 | D:14     | Reached skill level 16 in Unarmed Combat
 20663 | D:14     | Found a gate to the Vaults.
 21176 | D:14     | Identified the +0 ring mail of Inquiry {rPois}
 21460 | D:14     | Found a shimmering altar of Xom.
 21502 | D:15     | Entered Level 15 of the Dungeon
 21547 | D:15     | Reached XP level 16. HP: 123/131 MP: 16/16
 21612 | D:15     | Noticed Louise
 21628 | D:15     | Killed Louise
 21650 | D:15     | Found a flickering gateway to a bazaar.
 21659 | Bazaar   | Entered a bazaar
 21661 | Bazaar   | Found Wiunu's Antique Weapon Boutique.
 21665 | Bazaar   | Found Egesuk's Distillery.
 21665 | Bazaar   | Found Saothirgh's Armour Boutique.
 21666 | Bazaar   | Found Iwuwaboegh's Assorted Antiques.
 21676 | Bazaar   | Bought a potion of curing for 27 gold pieces
 21676 | Bazaar   | Bought a potion of curing for 27 gold pieces
 21676 | Bazaar   | Bought a potion of curing for 27 gold pieces
 21676 | Bazaar   | Bought a potion of curing for 27 gold pieces
 21681 | Bazaar   | Bought a potion of curing for 99 gold pieces
 21697 | Bazaar   | Bought the +1 pair of boots of the New World {rC+ Int+2}
                  | for 526 gold pieces
 21775 | D:15     | Found a staircase to the Depths.
 22159 | D:15     | Noticed Josephine
 22167 | D:15     | Killed Josephine
 22756 | Swamp:1  | Entered Level 1 of the Swamp
 22968 | Swamp:1  | Reached skill level 17 in Unarmed Combat
 23362 | Swamp:2  | Noticed Nikola
 23366 | Swamp:2  | Noticed a thorn hunter
 23386 | Swamp:2  | Killed a thorn hunter
 23396 | Swamp:2  | Killed Nikola
 23537 | Swamp:2  | HP: 1/132 [bunyip (36)]
 24120 | Swamp:3  | Noticed Mara
 24138 | Swamp:3  | Killed Mara
 24608 | Orc:2    | Bought a scroll of enchant weapon for 112 gold pieces
 24745 | D:13     | You paid a toll of a +7 demon blade to enter a treasure
                  | trove
 24746 | Trove    | Entered a treasure trove
 25532 | Swamp:4  | Entered Level 4 of the Swamp
 25593 | Swamp:4  | Noticed Mlioglotl
 25815 | Spider:1 | Entered Level 1 of the Spider Nest
 25826 | Spider:1 | Reached XP level 17. HP: 138/139 MP: 17/17
 25867 | Spider:1 | Gained mutation: You are occasionally teleported next to
                  | monsters. [mutagenic glow]
 25875 | Spider:1 | Gained mutation: Your spells are a little easier to cast,
                  | but a little less powerful. [mutagenic glow]
 25980 | Lair:3   | Lost mutation: You are occasionally teleported next to
                  | monsters. [potion of mutation]
 25980 | Lair:3   | Lost mutation: Your spells are a little easier to cast, but
                  | a little less powerful. [potion of mutation]
 25980 | Lair:3   | Gained mutation: You are robust. (+10% HP) [potion of
                  | mutation]
 25980 | Lair:3   | Gained mutation: You are clumsy. (Dex -2) [potion of
                  | mutation]
 25980 | Lair:3   | Gained mutation: You have supernaturally acute eyesight.
                  | (SInv) [potion of mutation]
 26175 | Spider:1 | Reached skill level 15 in Shields
 26631 | Spider:2 | Found a glacial archway.
 26644 | Spider:2 | HP: 5/147 [culicivora (23)]
 26644 | Spider:2 | Mangled by a wolf spider

Illustrated notes

Levels and vault maps discovered:
D:1:      co_arrival_square_in_a_square_in_a_square, layout_basic
D:2:      layout_basic, minmay_3d_cube
D:3:      layout_loops_ring
D:4:      layout_loops_ring, mainiacjoe_overflow_small_starburst,
          general_overflow_altar, bloody_makhleb, bh_walls_and_bars,
          uniq_sigmund, uniq_grinder
D:5:      layout_basic, minmay_temple_entry_sparse_star,
          gammafunk_ghost_stat_death, roderic_roman_lattice, uniq_pikel,
          uniq_blork_the_orc
D:6:      layout_loops_ring, minmay_starry_boxes
D:7:      layout_basic, nicolae_ru_awakened_eye, serial_glass, glass_columns_a,
          glass_columns_b, glass_columns_a, glass_columns_b,
          minmay_strange_pillars, minmay_strange_pillars
D:8:      layout_rooms, uniq_gastronok
D:9:      layout_irregular_city, nicolae_elyvilon_temple_path,
          lightli_bailey_entry_fortress
D:10:     layout_roguey, grunt_lair_entry_orc_guard_hut, eino_tiny_chamber,
          uniq_snorg, uniq_erolcha
D:11:     evilmike_iron_armoury, layout_basic
D:12:     layout_gridville, orc_0_dummy, gammafunk_ghost_nasty_kobolds,
          uniq_azrael
D:13:     layout_roguey, enter_trove_1, okawaru_trees_1
D:14:     layout_loops_ring, grunt_vaults_entry_fortified,
          regret_index_xom_buried_treasure, nicolae_looking_at_the_future,
          uniq_rupert, uniq_frances
D:15:     grunt_enter_depths_snipers, layout_gridville, grunt_decor_arrowhead,
          serial_shops, bzr_entry_customers, minmay_tree_intersection,
          hangedman_glass_teeth, uniq_louise, uniq_josephine
Temple:   sentei_temple_godly_chess
Lair:1:   layout_regular_city, chequers_serial_rivers_large_a
Lair:2:   layout_cave_shapes, minmay_swamp_entry_worms, gauntlet_entry_generic,
          bh_autumn_forest_stairs
Lair:3:   layout_cave_pods, spider_nest_entry_a, uniq_kirke
Lair:4:   layout_layer_cave, nicolae_lair_lil_pond
Lair:5:   guppyfry_lair_end_dragon, layout_regular_city,
          hangedman_lair_caniforms_friends, minmay_slime_entry_jelly_boxes,
          serial_bayou_shore_b
Swamp:1:  layout_basic_swamp, nicolae_swamp_tree_designs, swamp_pool_1_2
Swamp:2:  layout_basic_swamp, nicolae_swamp_treefoil, infiniplex_staircase_pool,
          uniq_nikola
Swamp:3:  layout_falls_marsh, evilmike_swamp_ruin_rubble_2, uniq_mara
Swamp:4:  swamp_basic_johnstein, layout_basic_swamp, uniq_mlioglotl
Spider:1: layout_spider_delve
Spider:2: layout_spider_delve, portal_ice_cave_entry_pillars_2
Orc:1:    layout_caves, basic_altar, nicolae_orc_lava_tube,
          nicolae_orc_rockfall, einodemon_armed_red_devil_minivault
Orc:2:    st_orc_rangers, layout_diamond_mine

Skill      XL: |  1  2  3  4  5  6  7  8  9 10 11 12 13 14 15 16 17 |
---------------+----------------------------------------------------+-----
Axes           | 2 |  2.5
Unarmed Combat | 1 2 4 5 7 8 10 11 13 14 16 17 | 17.6
Shields        | 3 4 5 6 7 8 9 11 12 14 15 | 15.6
Dodging        | 1 2 3 4 5 6 10 | 10.0
Fighting       | 4 5 6 7 8 9 10 11 13 14 | 14.0
Evocations     | 7 |  7.0
Throwing       | 4 6 |  6.0
Polearms       | 1 |  1.0
Armour         | |  2.6

Action                     |  1- 3 |  4- 6 |  7- 9 | 10-12 | 13-15 | 16-18 || total
---------------------------+-------+-------+-------+-------+-------+-------++-------
  Melee: War axe           |    67 |       |       |       |       |       ||    67
         Dagger            |    46 |    33 |       |       |       |       ||    79
         Unarmed           |       |    37 |   243 |   814 |  1490 |   514 ||  3098
  Throw: Stone             |     1 |     1 |     1 |    28 |       |       ||    31
         Javelin           |       |    11 |     6 |       |       |     7 ||    24
         Dart              |       |       |       |     8 |       |       ||     8
         Boomerang         |       |       |       |    36 |    25 |    87 ||   148
 Invoke: Serpent's Lash    |       |       |       |     4 |     4 |     7 ||    15
         Heavenly Storm    |       |       |       |       |     3 |     2 ||     5
Ability: Lunge             |       |       |    24 |    67 |   117 |    58 ||   266
         Whirlwind         |       |       |     4 |   120 |   760 |   172 ||  1056
         Evoke Blink       |       |       |       |     4 |     2 |     1 ||     7
         Wall Jump         |       |       |       |       |     9 |     1 ||    10
  Evoke: Wand              |       |       |       |    11 |     2 |     4 ||    17
         Sack of spiders   |       |       |       |     3 |     1 |     3 ||     7
         Lightning rod     |       |       |       |       |     8 |     4 ||    12
         Phial of floods   |       |       |       |       |       |     1 ||     1
         Phantom mirror    |       |       |       |       |       |     1 ||     1
    Use: Potion            |     1 |     2 |     1 |     5 |     5 |     5 ||    19
         Scroll            |       |    10 |     4 |     8 |    10 |    11 ||    43
   Stab: Invisible         |       |       |       |     1 |     3 |       ||     4
         Petrified         |       |       |       |       |    12 |       ||    12
 Armour: Scale mail        |    72 |    21 |    75 |    98 |       |       ||   266
         Ring mail         |       |       |       |    61 |       |       ||    61
         Gold dragon scale |       |       |       |    68 |   386 |       ||   454
         Swamp dragon scal |       |       |       |       |   228 |   208 ||   436
  Dodge: Dodged            |    44 |    17 |    74 |   211 |   395 |   147 ||   888
  Block: Buckler           |    30 |     2 |       |       |       |       ||    32
         Kite shield       |       |    14 |   154 |   593 |  1028 |   308 ||  2097

Table legend: (Time is in decaauts)
 A = Elapsed time spent in this place.
 B = Non-inter-level travel time spent in this place.
 C = Inter-level travel time spent in this place.
 D = Time resting spent in this place.
 E = Time spent auto-exploring this place.
 F = Levels seen in this place.
 G = Mean time per level.
                   A        B        C        D        E       F      G
               +--------+--------+--------+--------+--------+-----+--------+
         Total |  26887 |  24595 |   2292 |   3227 |  14565 |  33 |  814.8 |
       Dungeon |  15304 |  14226 |   1078 |   2111 |   8420 |  15 | 1020.3 |
        Temple |      5 |      2 |      3 |      0 |      0 |   1 |    5.0 |
          Lair |   5652 |   5145 |    507 |    333 |   3340 |   5 | 1130.4 |
         Swamp |   2558 |   2223 |    335 |    500 |   1155 |   4 |  639.5 |
   Spider Nest |    677 |    654 |     23 |     79 |    377 |   2 |  338.5 |
  Orcish Mines |   1718 |   1375 |    343 |    112 |    932 |   2 |  859.0 |
        Bazaar |     58 |     58 |      0 |      0 |     27 |   1 |   58.0 |
         Trove |     59 |     59 |      0 |      0 |     11 |   1 |   59.0 |
        Bailey |    404 |    404 |      0 |      0 |    136 |   1 |  404.0 |
      Gauntlet |    447 |    447 |      0 |     91 |    167 |   1 |  447.0 |
               +--------+--------+--------+--------+--------+-----+--------+

Top non-repeatable levels by time:
  Lair:5: 1545 daAuts
    D:14: 1467 daAuts
    D:12: 1208 daAuts
   Orc:2: 1195 daAuts
    D:10: 1165 daAuts
  Lair:1: 1129 daAuts
    D:11: 1118 daAuts
  Lair:4: 1101 daAuts
     D:3: 1068 daAuts
  Lair:3: 1060 daAuts
     D:1: 1054 daAuts
    D:15: 1012 daAuts
     D:2: 976 daAuts
     D:4: 949 daAuts
     D:6: 942 daAuts
